[Event "Titled Tuesday Blitz March 29 Early 2022"]
[White "Muradov, Soltan"]
[Black "Mkrtchyan, Mariam"]
[WhiteFideId "14002108"]
[BlackFideId "13310828"]
[WhiteElo "1854"]
[BlackElo "1984"]
[Result "1/2-1/2"]
[Round "06"]
[TimeControl "180+1"]
[Date "2022.03.30"]
[WhiteClock "0:00:11"]
[BlackClock "0:00:19"]

1. Nf3 g6 2. g3 Bg7 3. Bg2 d6 4. O-O Nd7 5. c4 e5 6. d3 Ne7 7. Nc3 O-O 8. Qc2 h6 9. b4 f5 10. Bb2 Nf6 11. b5 Be6 12. Nd2 c6 13. a4 Qd7 14. a5 c5 15. a6 b6 16. Bxa8 Rxa8 17. e4 f4 18. Nd5 g5 19. f3 Ng6 20. Kf2 fxg3+ 21. hxg3 Rf8 22. Ke2 Nh5 23. Rg1 Bf6 24. Raf1 Kh7 25. Kd1 Bd8 26. Kc1 Ne7 27. Ne3 Ng6 28. Kb1 Rf7 29. Bc1 Qe7 30. Kb2 Qf8 31. Qd1 Nf6 32. Nb1 Ng8 33. Nc3 N8e7 34. Rh1 Ng8 35. Ncd5 Kg7 36. Kb1 Kh7 37. Ka2 Kg7 38. Ka3 Bc8 39. Kb3 Be6 40. Qe2 Qe8 41. Qh2 Qf8 42. Qg2 Bd7 43. Bd2 Bc8 44. Kc2 Bd7 45. Kb1 Qe8 46. Kb2 Be6 47. Kc2 Qf8 48. Nc3 Qe8 49. Kc1 Qf8 50. Kb2 Bf6 51. Nf5+ Kh7 52. Nd5 Bg7 53. Qh2 Bxf5 54. exf5 Rxf5 55. Qg2 N6e7 56. Nxe7 Qxe7 57. Kc2 Qf7 58. Rh2 Rf6 59. Rhh1 Qg6 60. Qe2 Bf8 61. Qe4 Qxe4 62. fxe4 Kg7 63. Rxf6 Nxf6 64. Be3 Be7 65. Kd2 Bd8 66. Ke2 Kg6 67. Bd2 Ng4 68. Kf3 Nf6 69. g4 Be7 70. Kg3 Bf8 71. Rf1 Be7 72. Rf5 Bd8 73. Be3 Be7 74. Bd2 Bd8 75. Bc3 Nd7 76. Bb2 Bf6 77. Kf3 Be7 78. Kg3 Bf6 79. Rf1 Nf8 80. Bc3 Nd7 81. Bd2 Nf8 82. Be3 Ne6 83. Rg1 Bd8 84. Rf1 Bf6 85. Rf2 Be7 86. Kg2 Bf6 87. Kg3 Kg7 88. Rf1 Kg6 1/2-1/2


[Site "https://www.chess.com"]

[Event "Titled Tuesday Blitz March 29 Early 2022"]
[White "Murzin, Volodar"]
[Black "Dushyant Sharma"]
[WhiteFideId "44155573"]
[BlackFideId "25065130"]
[WhiteElo "2585"]
[BlackElo "2105"]
[Result "1-0"]
[Round "06"]
[TimeControl "180+1"]
[Date "2022.03.29"]
[WhiteClock "0:00:06"]
[BlackClock "0:00:04"]

1. e4 d5 2. exd5 Nf6 3. Nc3 Nxd5 4. d4 c6 5. Nf3 Bg4 6. Bc4 e6 7. O-O Nd7 8. Re1 Be7 9. h3 Bh5 10. Ne4 O-O 11. c3 Rc8 12. Ng3 Bg6 13. Qe2 Bd6 14. Ne4 Be7 15. a4 a5 16. Rd1 Qc7 17. Bd3 Nf4 18. Bxf4 Qxf4 19. g3 Qc7 20. Kg2 Rce8 21. Re1 e5 22. dxe5 Nxe5 23. Nxe5 Qxe5 24. Rad1 Bd8 25. Qf3 Bb6 26. h4 Kh8 27. Ng5 Qxe1 28. Rxe1 Rxe1 29. h5 Bxd3 30. Qxd3 g6 31. Qd6 Kg7 32. h6+ Kxh6 33. Qxf8+ Kxg5 34. Qxf7 Re2 35. Qf4+ Kh5 36. Qh4# 1-0


[Site "https://www.chess.com"]

[Event "Titled Tuesday Blitz March 29 Early 2022"]
[White "Nakamura, Hikaru"]
[Black "Gareyev, Timur"]
[WhiteFideId "2016192"]
[BlackFideId "14200937"]
[WhiteElo "2850"]
[BlackElo "2582"]
[Result "1-0"]
[Round "06"]
[TimeControl "180+1"]
[Date "2022.03.29"]
[WhiteClock "0:00:09"]
[BlackClock "0:00:03"]

1. Nf3 d5 2. b3 c6 3. Bb2 Nf6 4. g3 Bg4 5. Bg2 Nbd7 6. d3 e6 7. h3 Bxf3 8. Bxf3 Bd6 9. Nd2 a5 10. a3 Qb6 11. Rb1 Be5 12. c3 h5 13. e3 g5 14. Bg2 g4 15. d4 Bd6 16. c4 Qc7 17. e4 dxe4 18. hxg4 e3 19. fxe3 Bxg3+ 20. Ke2 Nxg4 21. Ne4 O-O-O 22. d5 exd5 23. cxd5 Be5 24. dxc6 bxc6 25. Qd3 Bxb2 26. Qa6+ Kb8 27. Rxb2 f5 28. b4 Qb7 29. Qxb7+ Kxb7 30. Nd6+ Kc7 31. Nf7 Rhe8 32. Nxd8 Rxe3+ 33. Kd2 Kxd8 34. bxa5 Nde5 35. Ra2 Nc4+ 36. Kc1 Nxa5 37. Rxh5 Rc3+ 38. Kb1 Ne3 39. a4 Nb3 40. Rh3 Nd4 41. Rd2 c5 42. a5 Nc4 43. Rxc3 Nxd2+ 44. Ka2 Ne4 45. Bxe4 fxe4 46. Rxc5 Ne6 47. a6 1-0


[Site "https://www.chess.com"]

[Event "Titled Tuesday Blitz March 29 Early 2022"]
[White "Nozdrachev, Leonid"]
[Black "Vysochin, Spartak"]
[WhiteFideId "24113433"]
[BlackFideId "14103516"]
[WhiteElo "2118"]
[BlackElo "2385"]
[Result "1/2-1/2"]
[Round "06"]
[TimeControl "180+1"]
[Date "2022.03.30"]
[WhiteClock "0:00:15"]
[BlackClock "0:00:39"]

1. e4 e6 2. d4 d5 3. exd5 exd5 4. c4 Nf6 5. Nc3 Bb4 6. Bd3 O-O 7. Ne2 dxc4 8. Bxc4 Nc6 9. O-O h6 10. Bf4 Bd6 11. Qd2 Bf5 12. Rad1 a6 13. h3 Qd7 14. Rfe1 Rad8 15. Bxh6 gxh6 16. Qxh6 Nh7 17. g4 Bc2 18. Rd2 Na5 19. Bd5 c6 20. Rxc2 cxd5 21. Nxd5 Bh2+ 22. Kxh2 Qxd5 23. Rc5 Qf3 24. Rf5 Qe4 25. Nf4 Qxd4 26. Ree5 Rd6 27. Rg5+ Rg6 28. Nxg6 Qxf2+ 29. Kh1 Qf1+ 30. Kh2 Qf2+ 31. Kh1 Qf1+ 32. Kh2 Qf2+ 1/2-1/2


[Site "https://www.chess.com"]

[Event "Titled Tuesday Blitz March 29 Early 2022"]
[White "Oganian, Miran"]
[Black "Jumabayev, Rinat"]
[WhiteFideId "4122488"]
[BlackFideId "13702661"]
[WhiteElo "2357"]
[BlackElo "2561"]
[Result "1-0"]
[Round "06"]
[TimeControl "180+1"]
[Date "2022.03.29"]
[WhiteClock "0:00:09"]
[BlackClock "0:00:03"]

1. e4 e6 2. d4 d5 3. Nc3 Nf6 4. e5 Nfd7 5. f4 c5 6. Nf3 Nc6 7. Be3 a6 8. Qd2 b5 9. Be2 Be7 10. Nd1 b4 11. Nf2 a5 12. O-O O-O 13. c3 Ba6 14. Kh1 bxc3 15. bxc3 a4 16. Bxa6 Rxa6 17. g4 Nb6 18. f5 Nc4 19. Qe2 cxd4 20. cxd4 f6 21. Nd3 fxe5 22. Nfxe5 exf5 23. gxf5 N6a5 24. Rf3 Raf6 25. Raf1 Qc8 26. Bg5 Nd6 27. Bxf6 Bxf6 28. Nf4 Qb7 29. Nh5 Ne4 30. Rg1 Nc4 31. Qg2 Bxe5 32. dxe5 Nxe5 33. Rf4 Rf7 34. h3 Nd3 35. Rf3 Ne5 36. Rf4 Kh8 37. Ng3 Nf6 38. Rff1 Re7 39. Re1 h6 40. Kh2 Qc7 41. Kh1 Qc3 42. Re2 d4 43. Ne4 Nxe4 44. Rxe4 Qc6 45. Rxd4 Qxg2+ 46. Rxg2 Nf3 47. Rd8+ Kh7 48. Rf2 Nh4 49. Kh2 Rf7 50. Rd4 a3 51. Rxh4 Ra7 52. Rg4 Ra6 53. Rg3 Ra5 54. f6 gxf6 55. Rxf6 1-0


[Site "https://www.chess.com"]

[Event "Titled Tuesday Blitz March 29 Early 2022"]
[White "Omariev, Maksim"]
[Black "Kosteniuk, Alexandra"]
[WhiteFideId "4193423"]
[BlackFideId "4128125"]
[WhiteElo "2518"]
[BlackElo "2469"]
[Result "1-0"]
[Round "06"]
[TimeControl "180+1"]
[Date "2022.03.30"]
[WhiteClock "0:00:04"]
[BlackClock "0:00:01"]

1. g4 d5 2. Bg2 Bxg4 3. c4 dxc4 4. Bxb7 Nd7 5. Bxa8 Qxa8 6. f3 Bh5 7. Na3 e5 8. Nxc4 Be7 9. Qa4 e4 10. Ne5 Nf6 11. Nxd7 Nxd7 12. Qxe4 Qd8 13. d4 O-O 14. Bf4 Bg6 15. Qb7 c5 16. Qc7 Qe8 17. d5 Nb6 18. Rd1 Bf6 19. b3 Bd4 20. Qc6 Qd8 21. e4 Re8 22. Ne2 Nd7 23. Nxd4 cxd4 24. O-O h6 25. Rxd4 Nf6 26. Bg3 Nh5 27. d6 Nxg3 28. hxg3 Rf8 29. d7 Qg5 30. Kg2 Qe3 31. Rdd1 Qe2+ 32. Kg1 Qe3+ 33. Kg2 Qe2+ 34. Kh3 Qxa2 35. d8=Q Rxd8 36. Rxd8+ Kh7 37. Qd5 Qa6 38. Qd3 Qe6+ 39. Kg2 h5 40. Rh1 Qb6 41. g4 Qa5 42. gxh5 Qg5+ 43. Kf2 Bxh5 44. Rd5 f5 45. Rxf5 Qe7 46. Rfxh5+ Kg6 47. Qd5 Qf6 48. Qf5+ 1-0


[Site "https://www.chess.com"]

[Event "Titled Tuesday Blitz March 29 Early 2022"]
[White "Pakleza, Zbigniew"]
[Black "Melikhov, Evgeny V."]
[WhiteFideId "1119290"]
[BlackFideId "4122046"]
[WhiteElo "2467"]
[BlackElo "1945"]
[Result "1-0"]
[Round "06"]
[TimeControl "180+1"]
[Date "2022.03.30"]
[WhiteClock "0:00:10"]
[BlackClock "0:00:10"]

1. d4 Nf6 2. Nf3 d5 3. Bf4 c5 4. c3 Nc6 5. e3 Qb6 6. Qb3 c4 7. Qc2 Bf5 8. Qc1 e6 9. h3 h6 10. Nbd2 Qd8 11. Be2 Bd6 12. Bxd6 Qxd6 13. b3 cxb3 14. axb3 O-O 15. O-O a5 16. Qb2 Ne4 17. Bb5 Nxd2 18. Qxd2 Na7 19. Be2 Nc6 20. Rfc1 b6 21. c4 Nb4 22. c5 bxc5 23. Rxc5 Rfc8 24. Raxa5 Rxa5 25. Rxc8+ Kh7 26. Rc1 Ra2 27. Qd1 Bc2 28. Rxc2 Rxc2 29. Bd3+ f5 30. Bxc2 Qc7 31. Bd3 Qc3 32. Ne5 Na2 33. Qh5 Nc1 34. Qg6+ Kg8 35. Qe8+ Kh7 36. Qxe6 Nxd3 37. Qxf5+ Kg8 38. Qxd3 Qe1+ 39. Qf1 Qxf2+ 40. Qxf2 1-0


[Site "https://www.chess.com"]

[Event "Titled Tuesday Blitz March 29 Early 2022"]
[White "Paravyan, David"]
[Black "FGHSMN"]
[WhiteFideId "4194985"]
[WhiteElo "2569"]
[BlackElo "2768"]
[Result "1-0"]
[Round "06"]
[TimeControl "180+1"]
[Date "2022.03.29"]
[WhiteClock "0:00:13"]
[BlackClock "0:00:06"]

1. e4 c5 2. Nf3 e6 3. d4 cxd4 4. Nxd4 Nf6 5. Nc3 Nc6 6. Nxc6 bxc6 7. e5 Nd5 8. Ne4 Qc7 9. f4 Qb6 10. a3 Ba6 11. Bxa6 Qxa6 12. Qe2 Qxe2+ 13. Kxe2 f5 14. Nf2 d6 15. Nd3 dxe5 16. Nxe5 Bd6 17. Nd3 Kf7 18. Kf3 Rhe8 19. b3 e5 20. fxe5 Bxe5 21. Nxe5+ Rxe5 22. Bd2 Rae8 23. Rhe1 Re4 24. Rxe4 fxe4+ 25. Ke2 e3 26. Rf1+ Kg6 27. Be1 Re4 28. g3 c5 29. c4 Ne7 30. Rf4 Re6 31. g4 Nc6 32. Bc3 Kg5 33. Rf5+ Kxg4 34. Rxc5 Ne7 35. Re5 Rxe5 36. Bxe5 Nf5 37. c5 g5 38. b4 Ne7 39. Kxe3 Kf5 40. Bd6 Nd5+ 41. Kd4 Ke6 42. b5 g4 43. Bb8 h5 44. Bxa7 h4 45. Bb8 Ne7 46. Ke4 Nf5 47. b6 g3 48. hxg3 hxg3 49. b7 1-0


[Site "https://www.chess.com"]

[Event "Titled Tuesday Blitz March 29 Early 2022"]
[White "Petrova, Irina"]
[Black "Iskusnyh, Sergei"]
[WhiteFideId "14124122"]
[BlackFideId "4120027"]
[WhiteElo "1993"]
[BlackElo "2492"]
[Result "0-1"]
[Round "06"]
[TimeControl "180+1"]
[Date "2022.03.30"]
[WhiteClock "0:00:02"]
[BlackClock "0:00:02"]

1. e4 e6 2. d4 d5 3. Nc3 Nf6 4. Bg5 dxe4 5. Nxe4 Nbd7 6. Nf3 h6 7. Nxf6+ Nxf6 8. Bh4 c5 9. Bb5+ Bd7 10. Bxd7+ Qxd7 11. Bxf6 gxf6 12. dxc5 Bxc5 13. Qxd7+ Kxd7 14. O-O-O+ Ke7 15. Rd2 Rad8 16. Rhd1 Rxd2 17. Rxd2 Rg8 18. g3 h5 19. c3 Rc8 20. Kc2 e5 21. a4 Ke6 22. Ne1 f5 23. Nd3 Be7 24. b4 h4 25. Kb3 Rh8 26. Re2 Bd6 27. Nf4+ Kd7 28. Nd5 hxg3 29. hxg3 Rh1 30. c4 Kc6 31. Rb2 f4 32. gxf4 exf4 33. Rd2 Rh3+ 34. Kc2 Be5 35. Rd3 Rh2 36. Ne7+ Kc7 37. Nd5+ Kb8 38. Rd2 f3 39. Ne7 Bf4 40. Rd7 Rxf2+ 41. Kc3 a5 42. Nd5 axb4+ 43. Kxb4 Ra2 44. Nxf4 f2 45. Rd1 Kc7 46. Nd3 Rd2 47. Rf1 Rxd3 48. Rxf2 Rd7 49. a5 Re7 50. Kb5 Re5+ 51. c5 f5 52. Rh2 Re7 53. Rf2 Rf7 54. Rf4 Rf6 55. Kb4 Kd7 56. Rd4+ Kc6 57. Rf4 Kd5 58. Kb5 Ke5 59. Rf1 f4 60. Re1+ Kf5 61. Rf1 Ke4 62. Re1+ Kd3 63. Rc1 f3 64. Rb1 f2 65. Rb3+ Kc2 0-1


[Site "https://www.chess.com"]

[Event "Titled Tuesday Blitz March 29 Early 2022"]
[White "Piesik, Piotr"]
[Black "Yoo, Christopher Woojin"]
[WhiteFideId "1136194"]
[BlackFideId "30909694"]
[WhiteElo "2190"]
[BlackElo "2105"]
[Result "1-0"]
[Round "06"]
[TimeControl "180+1"]
[Date "2022.03.29"]
[WhiteClock "0:01:17"]
[BlackClock "0:00:02"]

1. Nf3 Nf6 2. g3 d5 3. Bg2 e6 4. O-O Be7 5. d3 O-O 6. Nbd2 c5 7. e4 Nc6 8. c3 b5 9. Qe2 Qc7 10. e5 Nd7 11. Re1 Bb7 12. h4 Rfc8 13. Nf1 d4 14. h5 h6 15. cxd4 cxd4 16. Bf4 Qb6 17. g4 Nb4 18. Rec1 Rxc1 19. Rxc1 Nxa2 20. Rd1 Rc8 21. g5 Bxf3 22. Qxf3 Bxg5 23. Bxg5 hxg5 24. Qg3 Qd8 25. Nd2 Rc1 26. Bf3 Nc5 27. Be2 Rxd1+ 28. Bxd1 Nc1 29. Nf3 N1xd3 30. Nxg5 f6 31. Nxe6 Nxe6 32. Qxd3 fxe5 33. Bb3 Qf6 34. Qg6 Qxg6+ 35. hxg6 Kf8 36. Bxe6 Ke7 37. Bf5 a5 38. Bd3 b4 39. b3 Kf6 40. Kg2 e4 41. Bxe4 Ke5 42. Kf3 d3 43. Ke3 d2 44. Bc2 1-0


[Site "https://www.chess.com"]

[Event "Titled Tuesday Blitz March 29 Early 2022"]
[White "Piliczewski, Bogusz"]
[Black "Fathy, Elameir"]
[WhiteFideId "1104144"]
[BlackFideId "10600396"]
[WhiteElo "1896"]
[BlackElo "2311"]
[Result "0-1"]
[Round "06"]
[TimeControl "180+1"]
[Date "2022.03.30"]
[WhiteClock "0:01:24"]
[BlackClock "0:01:59"]

1. d4 d5 2. Nf3 Nf6 3. c4 c6 4. e3 e6 5. Bd3 Nbd7 6. O-O Bd6 7. Nbd2 O-O 8. e4 e5 9. exd5 cxd5 10. cxd5 exd4 11. Nxd4 Nc5 12. Bb1 Nxd5 13. Nc4 Nf6 14. Bg5 Be7 15. Bxf6 Bxf6 16. Nd6 Qxd6 17. Qc2 g6 18. Rd1 Bxd4 0-1


[Site "https://www.chess.com"]

[Event "Titled Tuesday Blitz March 29 Early 2022"]
[White "Polster, Christian"]
[Black "Kouskoutis, Georgios-Alexandros"]
[WhiteFideId "12965081"]
[BlackFideId "4234049"]
[WhiteElo "2333"]
[BlackElo "2130"]
[Result "1-0"]
[Round "06"]
[TimeControl "180+1"]
[Date "2022.03.30"]
[WhiteClock "0:00:06"]
[BlackClock "0:00:02"]

1. e4 c5 2. Nc3 Nc6 3. Nge2 g6 4. d4 cxd4 5. Nxd4 Bg7 6. Be3 Nf6 7. Bc4 O-O 8. Bb3 d6 9. f3 Bd7 10. Qd2 Nxd4 11. Bxd4 b5 12. O-O-O a5 13. Nd5 Nxd5 14. Bxd5 Rc8 15. a3 Bxd4 16. Qxd4 Qc7 17. Rd2 b4 18. Qe3 Ba4 19. b3 e6 20. Bc4 bxa3 21. Rhd1 d5 22. exd5 exd5 23. Rxd5 Bc6 24. Rd6 a4 25. Qh6 Kh8 26. Kb1 axb3 27. Bxb3 Rb8 28. Ka2 Ba4 29. Bxa4 Qc3 30. Rb6 Kg8 31. Rdb1 Rxb6 32. Rxb6 Qc4+ 33. Bb3 Qe2 34. Qf4 Qxg2 35. Rf6 Kh8 36. Rxf7 Rg8 37. Qf6+ 1-0


[Site "https://www.chess.com"]

[Event "Titled Tuesday Blitz March 29 Early 2022"]
[White "Posthuma, Joshua"]
[Black "Aravindh, Chithambaram VR."]
[WhiteFideId "2096889"]
[BlackFideId "5072786"]
[WhiteElo "2176"]
[BlackElo "2561"]
[Result "0-1"]
[Round "06"]
[TimeControl "180+1"]
[Date "2022.03.29"]
[WhiteClock "0:00:01"]
[BlackClock "0:00:21"]

1. d4 g6 2. c4 Bg7 3. e4 c5 4. d5 d6 5. Bd3 Nf6 6. Nc3 O-O 7. h3 e6 8. Nf3 exd5 9. cxd5 b5 10. Nxb5 Nxe4 11. O-O Ba6 12. Qa4 Nf6 13. Rd1 Nxd5 14. Be4 Nb6 15. Qa5 d5 16. Bf4 Qc8 17. Bxd5 Nxd5 18. Rxd5 Nc6 19. Qa4 Nb4 20. Rd2 Qe8 21. Nc3 Qxa4 22. Nxa4 Nd3 23. Bd6 Rfc8 24. Rad1 c4 25. b3 c3 26. Rc2 Nb2 27. Rdc1 Nxa4 28. bxa4 Bd3 29. Be5 Bxe5 30. Nxe5 Bxc2 31. Rxc2 Rab8 32. Nd3 Rb1+ 33. Kh2 Rd1 34. Nb4 a5 0-1


[Site "https://www.chess.com"]

[Event "Titled Tuesday Blitz March 29 Early 2022"]
[White "Postnikov, Daniil"]
[Black "Avalos Parra, Joao"]
[WhiteFideId "4166329"]
[BlackFideId "3402541"]
[WhiteElo "2261"]
[BlackElo "2173"]
[Result "1-0"]
[Round "06"]
[TimeControl "180+1"]
[Date "2022.03.30"]
[WhiteClock "0:00:36"]
[BlackClock "0:00:06"]

1. d4 e6 2. c4 d5 3. Nf3 Nf6 4. g3 Be7 5. Bg2 O-O 6. O-O a5 7. Qc2 Na6 8. a3 c5 9. cxd5 exd5 10. Rd1 c4 11. Ne5 b5 12. Nc6 Qc7 13. Nxe7+ Qxe7 14. Nc3 Nc7 15. Bg5 Bb7 16. e4 h6 17. Bxf6 Qxf6 18. Nxd5 Nxd5 19. exd5 Rfd8 20. a4 Bxd5 21. axb5 Bxg2 22. Kxg2 Rxd4 23. Rxd4 Qxd4 24. Qc3 Qxc3 25. bxc3 a4 26. Kf3 Ra5 27. Ke4 Rxb5 28. Rxa4 Rb2 29. Kf3 Kh7 30. Rxc4 Rc2 31. Rc7 Kg6 32. h4 Kf6 33. Ke3 Kg6 34. c4 Kf6 35. f3 h5 36. c5 g6 37. c6 Rc1 38. Rc8 Ke6 39. Kf4 Rc4+ 40. Kg5 Rc5+ 41. Kh6 Kf6 42. Kh7 Rc3 43. c7 Rxf3 44. Rf8 Rc3 45. c8=Q Rxc8 46. Rxc8 g5 47. Rc6+ 1-0


[Site "https://www.chess.com"]

[Event "Titled Tuesday Blitz March 29 Early 2022"]
[White "Pourkashiyan, Atousa"]
[Black "Skliarov, Viktor"]
[WhiteFideId "12502014"]
[BlackFideId "14106736"]
[WhiteElo "2247"]
[BlackElo "2229"]
[Result "1-0"]
[Round "06"]
[TimeControl "180+1"]
[Date "2022.03.30"]
[WhiteClock "0:00:02"]
[BlackClock "0:00:01"]

1. e4 c5 2. Nf3 Nc6 3. d4 cxd4 4. Nxd4 Nf6 5. Nc3 e5 6. Ndb5 d6 7. Bg5 a6 8. Na3 b5 9. Nd5 Be7 10. Bxf6 Bxf6 11. c4 b4 12. Nc2 a5 13. Be2 O-O 14. O-O Bg5 15. Qd3 Be6 16. Rad1 Bxd5 17. Qxd5 Qb6 18. b3 Rfd8 19. Kh1 Ne7 20. Qd3 a4 21. g3 axb3 22. axb3 Ra2 23. f4 Bf6 24. Ne3 Qd4 25. Ng4 Qxd3 26. Bxd3 Nc6 27. c5 h5 28. Nxf6+ gxf6 29. Bc4 dxc5 30. Rxd8+ Nxd8 31. fxe5 fxe5 32. Rf5 Kg7 33. Rxe5 Ne6 34. Rxh5 Nd4 35. Rxc5 Nf3 36. Rh5 Kg6 37. Rh8 f6 38. Bd5 Kg7 39. Rh3 Ng5 40. Rh5 Nf3 41. e5 Nxe5 42. Rh4 Nd3 43. Bb7 Rb2 44. Kg1 Rxb3 45. Rg4+ 1-0


[Site "https://www.chess.com"]

[Event "Titled Tuesday Blitz March 29 Early 2022"]
[White "Pranav, V"]
[Black "Seo, Jung Min"]
[WhiteFideId "25060783"]
[BlackFideId "1734687"]
[WhiteElo "2349"]
[BlackElo "2401"]
[Result "1-0"]
[Round "06"]
[TimeControl "180+1"]
[Date "2022.03.29"]
[WhiteClock "0:01:24"]
[BlackClock "0:01:09"]

1. e4 e5 2. Nf3 Nc6 3. Bb5 Nf6 4. O-O Nxe4 5. Re1 Nd6 6. Nxe5 Be7 7. Bf1 O-O 8. d4 Nf5 9. c3 Nxe5 10. Rxe5 d6 11. Re1 d5 12. Nd2 c6 13. Nf3 Re8 14. Bd3 Bf6 15. Bf4 g6 16. Qd2 Rxe1+ 17. Rxe1 Ng7 18. Be5 Bf5 19. Qh6 Bxe5 20. Ng5 Be6 21. Rxe5 1-0


[Site "https://www.chess.com"]

[Event "Titled Tuesday Blitz March 29 Early 2022"]
[White "Prohorov, Olexandr"]
[Black "Pajeken, Jakob Leon"]
[WhiteFideId "14105578"]
[BlackFideId "12942839"]
[WhiteElo "1993"]
[BlackElo "2351"]
[Result "0-1"]
[Round "06"]
[TimeControl "180+1"]
[Date "2022.03.30"]
[WhiteClock "0:00:04"]
[BlackClock "0:01:03"]

1. e4 e5 2. Nf3 Nc6 3. Nc3 Nf6 4. Bc4 Nxe4 5. Nxe4 d5 6. Bd3 dxe4 7. Bxe4 Bd6 8. O-O O-O 9. d3 Ne7 10. Nd2 f5 11. Bf3 Ng6 12. Nc4 Qf6 13. Re1 Rb8 14. Nxd6 cxd6 15. Bd5+ Be6 16. Bxe6+ Qxe6 17. f3 f4 18. d4 Rbc8 19. dxe5 dxe5 20. c3 Rfd8 21. Qb3 Qxb3 22. axb3 a6 23. b4 Rd3 24. Kf2 Rcd8 25. Ra5 Kf7 26. Ke2 Kf6 27. g3 fxg3 28. hxg3 h5 29. b5 h4 30. gxh4 Nf4+ 31. Bxf4 exf4 32. bxa6 Re3+ 33. Kf1 Rxf3+ 34. Ke2 Re3+ 35. Kf1 bxa6 36. Rxa6+ Kf5 37. Rxe3 fxe3 38. Ke2 Rd2+ 39. Kxe3 Rxb2 40. Ra7 Rh2 41. Rxg7 Rxh4 42. Kd3 Ke5 43. Rg2 Kd5 44. Rg5+ Kd6 45. Kc2 Kc7 46. Kb3 Rh6 47. c4 Rf6 48. Kb4 Rh6 49. Kb5 Rf6 50. Rg7+ Kc8 51. Rh7 Rg6 52. Ra7 Rf6 53. Ra2 Rg6 54. c5 Rf6 55. Rd2 Rg6 56. Rf2 Rh6 57. Rh2 Rxh2 0-1


[Site "https://www.chess.com"]

[Event "Titled Tuesday Blitz March 29 Early 2022"]
[White "Przybylski, Wojciech"]
[Black "Polanco Nunez, Yoel Estarling"]
[WhiteFideId "1117599"]
[BlackFideId "6401783"]
[WhiteElo "2133"]
[BlackElo "2132"]
[Result "0-1"]
[Round "06"]
[TimeControl "180+1"]
[Date "2022.03.30"]
[WhiteClock "0:00:03"]
[BlackClock "0:00:46"]

1. d4 Nf6 2. Nf3 d5 3. Bf4 c5 4. e3 Nc6 5. c3 Qb6 6. Qb3 c4 7. Qxb6 axb6 8. Nbd2 b5 9. Be2 e6 10. O-O b4 11. e4 bxc3 12. bxc3 Ba3 13. exd5 exd5 14. Rab1 O-O 15. Ne5 Re8 16. Bf3 Ra6 17. Rb5 Rd8 18. h3 h6 19. Rfb1 Bf8 20. R5b2 Bf5 21. Re1 Na5 22. g4 Bh7 23. g5 hxg5 24. Bxg5 Ra7 25. Kg2 Nc6 26. Reb1 Bxb1 27. Nxb1 Ne7 28. Bxf6 gxf6 29. Ng4 Kg7 30. Ne3 Rda8 31. a3 Rd8 32. Rb5 Rd6 33. Nxd5 Nxd5 34. Bxd5 b6 35. Bxc4 Rc7 36. Bd3 Rdc6 37. a4 Re6 38. Rb3 Ra7 39. Bb5 Re1 40. Nd2 Rc7 41. Nc4 Rc1 42. Kf3 f5 43. Ke2 Kf6 44. Kf3 Bh6 45. h4 Rc2 46. Kg3 Bd2 47. Nxd2 Rxd2 48. d5 Rxd5 49. c4 Rd4 50. Re3 f4+ 51. Kf3 fxe3 0-1


[Site "https://www.chess.com"]

[Event "Titled Tuesday Blitz March 29 Early 2022"]
[White "Rabineau, Clement"]
[Black "Ovezdurdyyeva, Jemal"]
[WhiteFideId "628891"]
[BlackFideId "14001888"]
[WhiteElo "2237"]
[BlackElo "1946"]
[Result "0-1"]
[Round "06"]
[TimeControl "180+1"]
[Date "2022.03.30"]
[WhiteClock "0:00:25"]
[BlackClock "0:01:23"]

1. e4 d6 2. d4 Nf6 3. f3 c6 4. c4 a6 5. a4 Nbd7 6. Nc3 e5 7. d5 Be7 8. Be3 O-O 9. Nh3 Ne8 10. Nf2 f5 11. Be2 f4 12. Bd2 Ndf6 13. a5 cxd5 14. exd5 Bf5 15. Bd3 Bxd3 16. Nxd3 b6 17. O-O Qc7 18. b3 Bd8 19. axb6 Qxb6+ 20. Kh1 Qb7 21. Nf2 Bb6 22. Nfe4 Qf7 23. Qe2 Qh5 24. b4 Bd4 25. Ra4 Nd7 26. Rfa1 Rf5 27. Rxa6 Qxh2+ 0-1


[Site "https://www.chess.com"]

[Event "Titled Tuesday Blitz March 29 Early 2022"]
[White "Rastbod, Ali"]
[Black "Golubev, Mikhail"]
[WhiteFideId "12567477"]
[BlackFideId "14100983"]
[WhiteElo "2200"]
[BlackElo "2374"]
[Result "1-0"]
[Round "06"]
[TimeControl "180+1"]
[Date "2022.03.30"]
[WhiteClock "0:00:26"]
[BlackClock "0:00:01"]

1. e4 c5 2. Nf3 d6 3. Bb5+ Nc6 4. O-O Bd7 5. Re1 Nf6 6. c3 a6 7. Bf1 Bg4 8. h3 Bxf3 9. Qxf3 g6 10. d3 Bg7 11. Qd1 O-O 12. Be3 Nd7 13. Nd2 b5 14. f4 b4 15. Qa4 Qc7 16. Rac1 Nb6 17. Qc2 Qd7 18. Be2 a5 19. Nf3 Rfc8 20. Qd2 a4 21. d4 a3 22. Bb5 axb2 23. Qxb2 Qa7 24. Bxc6 Rxc6 25. cxb4 cxd4 26. Rxc6 dxe3 27. Qe2 Qb7 28. Rec1 f5 29. Qb5 e2 30. Qxb6 Qxb6+ 31. Rxb6 fxe4 32. Kf2 exf3 33. Kxf3 Rxa2 34. Re1 Ra3+ 35. Kxe2 Kf7 36. Rb7 Bd4 37. b5 1-0


[Site "https://www.chess.com"]

[Event "Titled Tuesday Blitz March 29 Early 2022"]
[White "Ravi, Teja S."]
[Black "Batsiashvili, Nino"]
[WhiteFideId "5017220"]
[BlackFideId "13602993"]
[WhiteElo "2412"]
[BlackElo "2192"]
[Result "0-1"]
[Round "06"]
[TimeControl "180+1"]
[Date "2022.03.30"]
[WhiteClock "0:00:13"]
[BlackClock "0:00:13"]

1. Nf3 d5 2. d4 c5 3. c4 cxd4 4. Nxd4 e5 5. Nf3 d4 6. e3 Nc6 7. exd4 exd4 8. Bd3 Qe7+ 9. Be2 Bg4 10. O-O O-O-O 11. h3 Bh5 12. Qd3 Bg6 13. Qb3 d3 14. Bd1 Nf6 15. Bf4 Qd7 16. Nc3 Bd6 17. Bxd6 Qxd6 18. Nb5 Qc5 19. Nd2 a6 20. Qa3 Qg5 21. Nf3 Qf4 22. Nc3 Qxc4 23. Rc1 d2 24. Ra1 Rd7 25. Ba4 Rhd8 26. Bxc6 Qxc6 27. Ne5 Qd6 28. Nxd7 Qxa3 29. Nb6+ Kc7 30. Na8+ Rxa8 31. bxa3 Rd8 32. f3 Nd5 33. Nxd5+ Rxd5 34. Kf2 Bc2 35. Ke2 Bd3+ 36. Kxd2 Bxf1+ 37. Ke3 Bb5 38. Ke4 Bc6 0-1


[Site "https://www.chess.com"]

[Event "Titled Tuesday Blitz March 29 Early 2022"]
[White "Sanchez Alvares, Kelvin Antonio"]
[Black "Majdan, Joanna"]
[WhiteFideId "3906680"]
[BlackFideId "1121979"]
[WhiteElo "2193"]
[BlackElo "2234"]
[Result "0-1"]
[Round "06"]
[TimeControl "180+1"]
[Date "2022.03.30"]
[WhiteClock "0:00:02"]
[BlackClock "0:00:10"]

1. e4 c5 2. Nf3 e6 3. d4 d5 4. exd5 exd5 5. Bb5+ Nc6 6. O-O Bd6 7. dxc5 Bxc5 8. Nbd2 Ne7 9. Nb3 Bb6 10. h3 O-O 11. c3 Qd6 12. Re1 Bxh3 13. gxh3 Qg3+ 14. Kh1 Bxf2 15. Rf1 Nf5 16. Bf4 Qxh3+ 17. Nh2 Bg3 18. Qd2 Rfe8 19. Bd3 Bxf4 20. Bxf5 Qxf1+ 21. Rxf1 Bxd2 22. Nxd2 g6 23. Bd3 Re3 24. Bc2 Re2 25. Nhf3 Rae8 26. Bd3 R2e3 27. Bb5 a6 28. Bxc6 bxc6 29. Nd4 c5 30. N4b3 Re2 31. Rd1 R8e3 32. Kg1 Rg3+ 33. Kf1 Rgg2 34. Nb1 Rxb2 35. N3d2 Rh2 36. Kg1 Re2 37. Kf1 Re5 38. Nb3 Rxa2 39. Nxc5 h5 40. Nd3 Rf5+ 41. Kg1 h4 42. Nb4 Rb2 43. Nxd5 Kg7 44. Ne3 Rg5+ 45. Kh1 h3 46. Nf1 Rgg2 47. Nbd2 Re2 48. Kg1 g5 49. Nf3 g4 50. Nd4 Rg2+ 51. Kh1 Kg6 52. Ne3 Rg3 53. Nef5 Rxc3 0-1


[Site "https://www.chess.com"]